 Dungeon Crawl Stone Soup version 0.23-a0-558-g30802b1 (webtiles) character file.

21742 galech the Cleaver (level 12, -1/100 HPs)
             Began as a Demonspawn Fighter on Dec 11, 2018.
             Was a High Priest of Okawaru (penitent).
             Killed from afar by a raiju (13 damage)
             ... with a living lightning
             ... in a Gauntlet.
             The game lasted 00:20:08 (13194 turns).

galech the Cleaver (Demonspawn Fighter)            Turns: 13194, Time: 00:20:09

Health: -1/100     AC: 18    Str: 24    XL:     12   Next: 56%
Magic:  12/12      EV: 12    Int: 10    God:    Okawaru [*]
Gold:   917        SH: 12    Dex: 17    Spells: 11/11 levels left

rFire    + . .     SeeInvis .   K - +8 hand axe (elec)
rCold    . . .     Gourm    .   c - +0 shield
rNeg     . . .     Faith    .   J - +3 scale mail {rF+}
rPois    .         Spirit   .   (helmet restricted)
rElec    .         Reflect  .   d - +0 cloak
rCorr    .         Harm     .   b - +0 pair of gloves
MR       .....     NoTele   +   l - +2 pair of boots
Stlth    ++........             (no amulet)
HPRegen  0.26/turn              q - +3 ring of strength
MPRegen  0.13/turn              D - +4 ring of strength

@: no status effects
A: antennae 2, rugged brown scales 2, demonic guardian 2, deterioration 1
a: Renounce Religion


You were in a Gauntlet.
You worshipped Okawaru.
Okawaru was demanding penance.
You were not hungry.

You visited 3 branches of the dungeon, and saw 15 of its levels.
You also visited: Ossuary and Gauntlet.

You collected 917 gold pieces.

Inventory:

Hand Weapons
 x - a +2 scimitar of flaming
 K - a +8 hand axe of electrocution (weapon)
Armour
 b - a +0 pair of gloves (worn)
 c - a +0 shield (worn)
 d - a +0 cloak (worn)
 l - a +2 pair of boots (worn)
 C - a +0 plate armour
 G - a +4 ring mail
 J - a +3 scale mail of fire resistance (worn)
Jewellery
 a - an uncursed ring of stealth {unknown}
 q - a +3 ring of strength (left hand)
 D - a +4 ring of strength (right hand)
 P - an uncursed ring of fire
Wands
 h - a wand of flame (61)
 E - a wand of polymorph (8)
 I - a wand of clouds (11)
 O - a wand of disintegration (12)
Scrolls
 e - 4 scrolls of identify
 i - 6 scrolls of enchant armour
 j - 9 scrolls of fog
 p - 7 scrolls of remove curse
 r - 3 scrolls of amnesia
 t - 3 scrolls of blinking
 v - 6 scrolls of teleportation
 w - 2 scrolls of random uselessness
 y - a scroll of fear {unknown}
 A - 2 scrolls of torment
 F - a scroll of magic mapping
 H - a scroll of noise
 N - a scroll of vulnerability
Potions
 g - 3 potions of agility {unknown}
 k - 8 potions of degeneration {unknown}
 m - 3 potions of invisibility {unknown}
 n - 2 potions of lignification {unknown}
 o - 4 potions of heal wounds
 s - 3 potions of curing
 u - 4 potions of mutation
 z - 3 potions of cancellation {unknown}
 B - 2 potions of magic {unknown}
 L - 3 potions of haste {unknown}
 M - 2 potions of berserk rage {unknown}
Comestibles
 f - 30 rations


   Skills:
 + Level 9.6 Fighting
 + Level 12.4 Axes
 + Level 7.3 Armour
 + Level 4.4 Dodging
 + Level 4.8 Stealth
 + Level 8.8 Shields
 + Level 0.3 Invocations


You had 11 spell levels left.
You didn't know any spells.
Your spell library contained the following spells:

 Spells                   Type           Power        Failure   Level  Hunger
 Animate Skeleton         Necr           N/A          88%         1    ##.....
 Apportation              Tloc           #.....       88%         1    ##.....
 Confusing Touch          Hex            #.....       88%         1    ##.....
 Summon Small Mammal      Summ           #...         88%         1    ##.....
 Passwall                 Tmut/Erth      #.......     96%         2    ###....
 Deflect Missiles         Chrm/Air       #.........   100%        6    #######
 Iron Shot                Conj/Erth      #.........   100%        6    #######


Dungeon Overview and Level Annotations

Branches:
Dungeon (10/15)            Temple (1/1) D:5            Lair (4/6) D:10
  Swamp (0/4) Lair:3       Spider (0/4) Lair:2
    Orc: D:9-12

Altars:
Ashenzari
Cheibriados
Dithmenos
Kikubaaqudgha
Makhleb
Nemelex Xobeh
Okawaru
Qazlal
Ru
Trog
Uskayaw
Vehumet
Wu Jian
Xom

Shops:
D:4 }   D:5 !

Portals:
Trove: D:10 (give 6 scrolls of blinking)

Annotations:
D:9 4 runed doors Gauntlet 2 transporters, exclusion: lightning spire


Innate Abilities, Weirdness & Mutations

You have a pair of antennae on your head.
You are mostly covered in rugged brown scales. (AC +2, +5% HP)
A demonic guardian rushes to your aid.
Your body sometimes deteriorates upon taking damage.


Message History

The living lightning hits you!
The raiju blinks!
The death yak bellows!
You hear a bellow! x2
The raiju bursts into living lightning!
The living lightning hits you! x2
* * * LOW HITPOINT WARNING * * *
The raiju blinks!
Found an embroidered scarf.
The raiju bursts into living lightning!
The living lightning misses you.
The living lightning hits your ice devil. x2
The living lightning misses you.
The raiju blinks! x5
You hit the raiju.
The raiju is almost dead.
The raiju bursts into living lightning!
The living lightning hits you!
* * * LOW HITPOINT WARNING * * *
The living lightning hits your ice devil.
Your ice devil dies!
The living lightning hits you!
You die...

.≈.. ..#.#.....#.#...
≈.≈≈ ..#..YY.....#....
...≈ ..###########.....
#### 8.................
....
⌠..............⌠.......∩
8.......................
..###########.....######
..#.§.h@.#..#.....#.....
..#.....#...#.....#.##.#
..##....#†..#.....#.#..#
..#[##.#©...###.###.#.##
..#©8.###...#©#.#©#©..#©
..#)...#.##.#.#.#.#(.##.
..#...#....##.#.#.#..#..
.#...#.....#.#.#.#.##.#
.#[.#......#.#.#.#.....


You could see 2 death yaks and a raiju.

Vanquished Creatures
  Erica (Lair:1)
  A wolf spider (Lair:2)
  A shining eye (Gauntlet)
  2 spiny frogs
  2 rime drakes
  4 komodo dragons
  A jumping spider (Lair:2)
  12 blink frogs
  2 hippogriffs
  2 slime creatures (Gauntlet)
  A bog body (Lair:3)
  A golden eye (Gauntlet)
  12 yaks
  2 basilisks
  A hungry ghost (D:10)
  3 swamp worms (Lair:3)
  7 water moccasins
  10 porcupines
  4 ice beasts
  2 orc warriors
  6 sky beasts
  4 black bears
  7 wolves
  8 ogres
  A phantom (D:7)
  A centaur (D:8)
  5 crocodiles
  A big kobold (D:7)
  8 elf zombies (Ossuary)
  18 bullfrogs
  2 scorpions
  A killer bee (D:9)
  4 howler monkeys
  An electric eel (Lair:3)
  8 wights
  3 crimson imps
  A bullfrog zombie (D:8)
  2 jellies
  2 centaur zombies
  2 hounds (D:6)
  2 orc wizards
  2 bullfrog skeletons
  2 human zombies (Ossuary)
  3 orc priests
  A centaur skeleton (D:5)
  An iguana (D:9)
  6 worker ants
  2 killer bee zombies
  3 mummies (Ossuary)
  2 worker ant zombies
  4 gnolls (D:8)
  2 howler monkey zombies
  14 adders
  A shadow imp (D:9)
  An ooze (D:2)
  An adder zombie (D:5)
  An adder skeleton (D:7)
  3 worms
  A dart slug (D:2)
  9 leopard geckos
  25 orcs
  8 giant cockroaches
  9 goblins
  14 hobgoblins
  6 jackals
  11 kobolds
  3 quokkas
  A ball python (D:1)
  3 bats
  5 frilled lizards (D:1)
  A leopard gecko skeleton (D:5)
  A quokka skeleton (D:5)
  8 rats
  A fungus (D:10)
313 creatures vanquished.

Vanquished Creatures (collateral kills)
  Gastronok (D:9)
  A black mamba (Lair:2)
  A troll (D:10)
  5 blink frogs
  A raiju (Gauntlet)
  A hippogriff (D:7)
  7 yaks
  A hungry ghost (D:8)
  A golden eye (Gauntlet)
  A steam dragon (D:10)
  A water moccasin (Lair:2)
  A porcupine (D:10)
  An orc warrior (D:9)
  A sky beast (D:6)
  An ogre (D:9)
  A wolf (Lair:1)
  An elf zombie (Ossuary)
  A bullfrog (Lair:2)
  2 killer bees (D:9)
  3 wights
  2 hounds (D:5)
  2 orcs (D:9)
37 creatures vanquished.

Vanquished Creatures (others)
  4 fungi
4 creatures vanquished.

Grand Total: 354 creatures vanquished

Notes
Turn   | Place    | Note
-------+----------+-------------------------------------------
     0 | D:1      | galech the Demonspawn Fighter began the quest for the Orb.
     0 | D:1      | Reached XP level 1. HP: 18/18 MP: 1/1
   103 | D:1      | Gained mutation: A weak demonic guardian rushes to your
                  | aid. [demonic ancestry]
   103 | D:1      | Reached XP level 2. HP: 20/24 MP: 2/2
   127 | D:1      | Reached skill level 2 in Axes
   569 | D:1      | Reached XP level 3. HP: 29/29 MP: 3/3
  1277 | D:2      | Gained mutation: You have a pair of small antennae on your
                  | head. [demonic ancestry]
  1277 | D:2      | Reached XP level 4. HP: 35/35 MP: 4/4
  1318 | D:2      | Reached skill level 1 in Dodging
  1513 | D:2      | Reached skill level 3 in Axes
  2087 | D:3      | Reached XP level 5. HP: 39/41 MP: 5/5
  2575 | D:4      | Found a sparkling altar of Nemelex Xobeh.
  2676 | D:4      | Found Hibydoq's Gadget Shoppe.
  2803 | D:4      | Found an ornate altar of the Wu Jian Council.
  2874 | D:4      | Noticed an ogre
  2885 | D:4      | Killed an ogre
  2885 | D:4      | Reached skill level 4 in Axes
  2885 | D:4      | Gained mutation: You are partially covered in rugged brown
                  | scales. (AC +1, +3% HP) [demonic ancestry]
  2885 | D:4      | Reached XP level 6. HP: 12/49 MP: 6/6
  3107 | D:4      | Found a radiant altar of Vehumet.
  3272 | D:5      | Entered Level 5 of the Dungeon
  3272 | D:5      | Noticed a water moccasin
  3283 | D:5      | Killed a water moccasin
  3328 | D:5      | Found a sand-covered staircase.
  3467 | Ossuary  | Entered an ossuary
  3524 | Ossuary  | Gained mutation: You are mostly covered in rugged brown
                  | scales. (AC +2, +5% HP) [demonic ancestry]
  3524 | Ossuary  | Reached XP level 7. HP: 28/56 MP: 7/7
  3757 | Ossuary  | Reached skill level 5 in Axes
  3844 | Ossuary  | Reached skill level 6 in Axes
  3844 | Ossuary  | Gained mutation: You have a pair of antennae on your head.
                  | [demonic ancestry]
  3844 | Ossuary  | Reached XP level 8. HP: 39/64 MP: 8/8
  4008 | D:5      | Found a bloodstained altar of Trog.
  4096 | D:5      | Found a staircase to the Ecumenical Temple.
  4110 | Temple   | Entered the Ecumenical Temple
  4179 | Temple   | Became a worshipper of Warmaster Okawaru
  4276 | D:5      | Found Jowuol's Distillery.
  4403 | D:5      | Reached skill level 5 in Shields
  4406 | D:5      | Reached skill level 5 in Fighting
  4519 | D:5      | Reached skill level 1 in Stealth
  4663 | D:5      | Found a shattered altar of Ashenzari.
  4762 | D:6      | Reached * piety under Okawaru
  4768 | D:6      | Reached skill level 7 in Axes
  4792 | D:6      | Found a snail-covered altar of Cheibriados.
  5094 | D:6      | Gained mutation: A demonic guardian rushes to your aid.
                  | [demonic ancestry]
  5094 | D:6      | Reached XP level 9. HP: 71/72 MP: 9/9
  5164 | D:6      | Reached ** piety under Okawaru
  5502 | D:7      | Found a shimmering altar of Xom.
  5542 | D:7      | Reached skill level 8 in Axes
  5792 | D:7      | Reached skill level 5 in Armour
  7059 | D:9      | Reached *** piety under Okawaru
  7160 | D:9      | Found a burning altar of Makhleb.
  7160 | D:9      | Found a sacrificial altar of Ru.
  7161 | D:9      | Found an ancient bone altar of Kikubaaqudgha.
  7171 | D:9      | Reached skill level 9 in Axes
  7200 | D:9      | Reached XP level 10. HP: 77/80 MP: 10/10
  7201 | D:9      | Noticed Gastronok
  7217 | D:9      | Killed Gastronok
  7217 | D:9      | Reached **** piety under Okawaru
  7496 | D:9      | Found a large runed door.
  7496 | D:9      | Found a large runed door.
  7496 | D:9      | Noticed a red ugly thing
  7499 | D:9      | Found a large runed door.
  7499 | D:9      | Found a large runed door.
  7683 | D:9      | Identified the Volume of Cloudy Earth
  8012 | D:9      | Reached skill level 10 in Axes
  8119 | D:10     | Entered Level 10 of the Dungeon
  8460 | D:10     | Reached ***** piety under Okawaru
  8611 | D:10     | Found a staircase to the Lair.
  8804 | D:10     | Received a gift from Okawaru
  8804 | D:10     | Reached XP level 11. HP: 84/89 MP: 11/11
  9142 | D:10     | Found a portal to a secret trove of treasure.
  9227 | Lair:1   | Entered Level 1 of the Lair of Beasts
  9302 | Lair:1   | Received a gift from Okawaru
  9882 | Lair:1   | Noticed Erica
  9891 | Lair:1   | Killed Erica
  9891 | Lair:1   | Reached skill level 11 in Axes
 10502 | Lair:2   | Received a gift from Okawaru
 11345 | Lair:2   | Found a hole to the Spider Nest.
 11347 | Lair:2   | Noticed a wolf spider
 11354 | Lair:2   | Killed a wolf spider
 11354 | Lair:2   | Reached XP level 12. HP: 85/99 MP: 12/12
 11819 | Lair:3   | Reached skill level 12 in Axes
 12090 | Lair:3   | Received a gift from Okawaru
 12136 | Lair:3   | Found a staircase to the Swamp.
 12914 | Lair:4   | Found a gate leading to a gauntlet.
 12923 | Gauntlet | Entered a Gauntlet
 12923 | Gauntlet | Found a transporter.
 12923 | Gauntlet | Found a transporter.
 13024 | Gauntlet | Found a transporter.
 13035 | Gauntlet | Found a transporter.
 13120 | Gauntlet | Found a transporter.
 13128 | Gauntlet | Found a transporter.
 13133 | Gauntlet | Gained mutation: Your body sometimes deteriorates upon
                  | taking damage. [a shining eye]
 13140 | Gauntlet | Was placed under penance by Okawaru
 13171 | Gauntlet | Found a transporter.
 13191 | Gauntlet | Noticed a death yak
 13192 | Gauntlet | Noticed a death yak
 13194 | Gauntlet | Killed from afar by a raiju

Vault maps used:
D:1:      scummos_arrival_star, minmay_indecisive_spiral
D:2:      st_stairs_1, minmay_crystal_room, kennysheep_boxes
D:3:      corexii_hall_statues_s
D:4:      vehumet_altar_wand_db, nemelex_xobeh_ov_fountains_minmay,
          marbit_many_paths, serial_shops, shop_statue, serial_rivers,
          chequers_serial_rivers_micro_a, chequers_serial_rivers_micro_d,
          chequers_serial_rivers_large_a, chequers_serial_rivers_small_b,
          chequers_serial_rivers_marsh
D:5:      minmay_temple_entry_butterflies, enter_ossuary_1, serial_shops, shop,
          first_ration, basic_altar, trog_book
D:6:      minmay_inner_zag, lemuel_altar_in_water
D:7:      kennysheep_mini_moat
D:9:      gammafunk_temple_overflow_claw, grunt_ogre_cave,
          minmay_hollow_rounded_squares, uniq_gastronok
D:10:     due_lair_maze_entry_diamond, nicolae_trove_entry_free_sample
Temple:   regret_index_temple_generic_petals
Lair:1:   beast_lair_carwin_8, grunt_megastairs_5, uniq_erica
Lair:2:   spider_nest_entry_funnel_web, grunt_megastairs_4
Lair:3:   nicolae_swamp_entry_splash_gauntlet, minivault_11, lemuel_fruit_fields
Lair:4:   cheibrodos_lair_river_kwai, gauntlet_entry_generic,
          lightli_volcano_entry_magma_tube
Ossuary:  ossuary_minmay_four_chambers
Gauntlet: gammafunk_gauntlet_shortcut

Skill      XL: |  1  2  3  4  5  6  7  8  9 10 11 12 |
---------------+-------------------------------------+-----
Shields        | 3 4 5 6 7 8 |  8.8
Axes           | 2 3 4 6 7 9 10 11 12 | 12.4
Dodging        | 1 2 3 4 |  4.4
Armour         | 3 4 5 6 7 |  7.3
Fighting       | 4 5 6 7 9 |  9.6
Stealth        | 1 2 3 4 |  4.8
Invocations    | |  0.3

Action                   |  1- 3 |  4- 6 |  7- 9 | 10-12 || total
-------------------------+-------+-------+-------+-------++-------
Melee: War axe           |   141 |   189 |   518 |   219 ||  1067
       Hand axe          |       |       |       |   312 ||   312
Invok: Heroism           |       |       |       |     6 ||     6
  Use: Scroll            |       |     8 |       |    14 ||    22
       Potion            |       |     1 |     1 |     6 ||     8
 Stab: Sleeping          |       |       |       |     8 ||     8
  Eat: Chunk             |     2 |     6 |    13 |    20 ||    41
       Ration            |       |       |     1 |       ||     1
Armor: Scale mail        |    79 |    50 |       |    18 ||   147
       Chain mail        |       |    49 |    58 |       ||   107
       Plate armour      |       |       |    98 |       ||    98
       Ring mail         |       |       |    88 |   131 ||   219
Dodge: Dodged            |    43 |    66 |   118 |   157 ||   384
Block: Shield            |    70 |   134 |   254 |   231 ||   689

Table legend:
 A = Non-vault XP
 B = Vault XP
 C = Vault XP percentage of total XP
 D = Non-vault monster count
 E = Vault monster count
 F = Vault count percentage of total count
                 A         B        C        D         E       F
            +---------+---------+-------+---------+---------+-------
      Total |   19556 |   11505 |  37.0 |     272 |      77 |  22.1
            +---------+---------+-------+---------+---------+-------
        D:1 |      50 |       7 |  12.3 |      30 |       4 |  11.8
        D:2 |      98 |       8 |   7.5 |      17 |       3 |  15.0
        D:3 |      76 |       0 |   0.0 |      27 |       0 |   0.0
        D:4 |     206 |       5 |   2.4 |       7 |       2 |  22.2
        D:5 |     762 |       0 |   0.0 |      18 |       0 |   0.0
        D:6 |     934 |     207 |  18.1 |      18 |       3 |  14.3
        D:7 |     862 |       0 |   0.0 |      14 |       0 |   0.0
        D:8 |     755 |       0 |   0.0 |      18 |       0 |   0.0
        D:9 |    1636 |    2299 |  58.4 |      37 |       8 |  17.8
       D:10 |    1630 |    1052 |  39.2 |      19 |      10 |  34.5
     Lair:1 |    1415 |    2565 |  64.4 |       8 |      11 |  57.9
     Lair:2 |    4720 |    2197 |  31.8 |      24 |       9 |  27.3
     Lair:3 |    4999 |     800 |  13.8 |      28 |       5 |  15.2
     Lair:4 |    1413 |       0 |   0.0 |       7 |       0 |   0.0
    Ossuary |       0 |     975 | 100.0 |       0 |      15 | 100.0
   Gauntlet |       0 |    1390 | 100.0 |       0 |       7 | 100.0
            +---------+---------+-------+---------+---------+-------
